Workbook
Name AreaTeste: #REF!
Name AreaTeste: #REF!
Name AreaTeste: #REF!
Name AreaTeste2: #REF!
Name AreaTeste2: #REF!
Name AreaTeste2: #REF!
Name CélulaInicioPlanilha: #REF!
Name CélulaInicioPlanilha: #REF!
Name CélulaInicioPlanilha: #REF!
Name CélulaResumo: #REF!
Name CélulaResumo: #REF!
Name CélulaResumo: #REF!
Name Excel_BuiltIn_Print_Area_1_1: #REF!
Name Excel_BuiltIn_Print_Area_1_1: #REF!
Name Excel_BuiltIn_Print_Area_1_1: #REF!
Name Excel_BuiltIn_Print_Area_2: #REF!
Name Excel_BuiltIn_Print_Area_2: #REF!
Name Excel_BuiltIn_Print_Area_2: #REF!

Sheet RESUMO
A1: PREFEITURA MUNICIPAL DE XINGUARA CNPJ N°. 04.144.150/0001-20
A3: Cliente: | B3: ='Orçamento Sintético'!B3 -> PREFEITURA MUNICIPAL DE XINGUARA
A4: ='Memória de Cálculo'!A4 -> Responsavel: | B4: ='Orçamento Sintético'!B4 -> OSVALDO DE OLIVEIRA ASSUNÇÃO JUNIOR
A5: Objeto: | B5: ='Orçamento Sintético'!B5 -> MANUTENÇÃO E RECUPERAÇÃO DE VIAS URBANAS COM TAPA BURACOS
A6: Endereço: | B6: ='Orçamento Sintético'!B6 -> VIAS DE XINGUARA-PA
A7: Data: | B7: ='Orçamento Sintético'!B7 -> 06 DE ABRIL DE 2026
C8: Bancos | E8: B.D.I. | F8: Encargos Sociais
C9: ='Orçamento Sintético'!E9 -> SINAPI - 02/2026 - Pará SICRO3 - 10/2025 - Pará SEDOP - 03/2026 - Pará | E9: ='Orçamento Sintético'!G9 -> 0.2846 | F9: ='Orçamento Sintético'!H9 -> Desonerado: embutido nos preços unitário dos insumos de mão de obra, de acordo com as bases.
A10: Planilha Orçamentária Resumida
A11: Item | B11: Descrição | H11: Total | I11: Peso (%)
A12: 1 | B12: ADMINISTRAÇÃO E SERVIÇOS PRELIMINARES | H12: 127870.8 | I12: 0.033686251
A13: 2 | B13: TAPA BURACO - CBUQ | H13: 1652358 | I13: 0.43529677
A14: 3 | B14: TAPA BURACO - BLOCO SEXTAVADO | H14: 2015705.6 | I14: 0.53101697
E16: Total sem BDI | G16: 2955150
E17: Total do BDI | G17: 840784.44
E18: Total Geral | G18: 3795934.4
A19: _______________________________________________________________ ROGÉRIO FERREIRA MOREIRA ENGENHEIROCIVIL CREA/PA: 1523651180

Sheet Orçamento Sintético
A1: PREFEITURA MUNICIPAL DE XINGUARA CNPJ N°. 04.144.150/0001-20
A3: Cliente: | B3: PREFEITURA MUNICIPAL DE XINGUARA
A4: ='Memória de Cálculo'!A4 -> Responsavel: | B4: OSVALDO DE OLIVEIRA ASSUNÇÃO JUNIOR
A5: Objeto: | B5: MANUTENÇÃO E RECUPERAÇÃO DE VIAS URBANAS COM TAPA BURACOS
A6: Endereço: | B6: VIAS DE XINGUARA-PA
A7: Data: | B7: 06 DE ABRIL DE 2026
E8: Bancos | G8: B.D.I. | H8: Encargos Sociais
E9: SINAPI - 02/2026 - Pará SICRO3 - 10/2025 - Pará SEDOP - 03/2026 - Pará | G9: 0.2846 | H9: Desonerado: embutido nos preços unitário dos insumos de mão de obra, de acordo com as bases.
A10: Item | B10: Código | C10: Banco | D10: Descrição | E10: Und | F10: Quant. | G10: Valor Unit | H10: Valor Unit com BDI | I10: Total | J10: Peso (%)
A11: 1 | D11: ADMINISTRAÇÃO E SERVIÇOS PRELIMINARES | I11: 127870.8 | J11: 0.033686251
A12: 1.1 | B12: 011340 | C12: SEDOP | D12: Placa de obra em lona com plotagem de gráfica | E12: m² | F12: 12 | G12: 207.93 | H12: 267.1 | I12: 3205.2 | J12: 0.00084437708
A13: 1.2 | B13: 90777 | C13: SINAPI | D13: ENGENHEIRO CIVIL DE OBRA JUNIOR COM ENCARGOS COMPLEMENTARES | E13: H | F13: 480 | G13: 137.06 | H13: 176.06 | I13: 84508.8 | J13: 0.022262977
A14: 1.3 | B14: 90776 | C14: SINAPI | D14: ENCARREGADO GERAL COM ENCARGOS COMPLEMENTARES | E14: H | F14: 960 | G14: 32.57 | H14: 41.83 | I14: 40156.8 | J14: 0.010578897
A15: 2 | D15: TAPA BURACO - CBUQ | I15: 1652358 | J15: 0.43529677
A16: 2.1 | B16: 97636 | C16: SINAPI | D16: DEMOLIÇÃO PARCIAL DE PAVIMENTO ASFÁLTICO, DE FORMA MECANIZADA, SEM REAPROVEITAMENTO. AF_09/2023 | E16: m² | F16: 6000 | G16: 23.03 | H16: 29.58 | I16: 177480 | J16: 0.046755286
A17: 2.2 | B17: 100982 | C17: SINAPI | D17: CARGA, MANOBRA E DESCARGA DE ENTULHO EM CAMINHÃO BASCULANTE 10 M³ - CARGA COM ESCAVADEIRA HIDRÁULICA (CAÇAMBA DE 0,80 M³ / 111 HP) E DESCARGA LIVRE (UNIDADE: M3). AF_02/2026 | E17: m³ | F17: 600 | G17: 9.42 | H17: 12.1 | I17: 7260 | J17: 0.0019125726
A18: 2.3 | B18: 99814 | C18: SINAPI | D18: LIMPEZA DE SUPERFÍCIE PISO OU PAREDE COM JATO DE ALTA PRESSÃO. AF_10/2025 | E18: m² | F18: 6000 | G18: 1.81 | H18: 2.32 | I18: 13920 | J18: 0.0036670813
A19: 2.7 | B19: 104387 | C19: SINAPI | D19: EXECUÇÃO DE TAPA BURACO COM APLICAÇÃO DE CONCRETO ASFÁLTICO (AQUISIÇÃO EM USINA) E PINTURA DE LIGAÇÃO. AF_12/2020 | E19: m³ | F19: 300 | G19: 3760.99 | H19: 4831.36 | I19: 1449408 | J19: 0.38183168
A20: 2.8 | B20: 95426 | C20: SINAPI | D20: TRANSPORTE COM CAMINHÃO BASCULANTE DE 18 M³, EM VIA URBANA EM REVESTIMENTO PRIMÁRIO (UNIDADE: M3XKM). AF_02/2026 | E20: M3XKM | F20: 1500 | G20: 2.23 | H20: 2.86 | I20: 4290 | J20: 0.0011301565
A21: 3 | D21: TAPA BURACO - BLOCO SEXTAVADO | I21: 2015705.6 | J21: 0.53101697
A22: 3.1 | B22: 97636 | C22: SINAPI | D22: DEMOLIÇÃO PARCIAL DE PAVIMENTO ASFÁLTICO, DE FORMA MECANIZADA, SEM REAPROVEITAMENTO. AF_09/2023 | E22: m² | F22: 12000 | G22: 23.03 | H22: 29.58 | I22: 354960 | J22: 0.093510573
A23: 3.2 | B23: 100982 | C23: SINAPI | D23: CARGA, MANOBRA E DESCARGA DE ENTULHO EM CAMINHÃO BASCULANTE 10 M³ - CARGA COM ESCAVADEIRA HIDRÁULICA (CAÇAMBA DE 0,80 M³ / 111 HP) E DESCARGA LIVRE (UNIDADE: M3). AF_02/2026 | E23: m³ | F23: 1200 | G23: 9.42 | H23: 12.1 | I23: 14520 | J23: 0.0038251451
A24: 3.3 | B24: 99814 | C24: SINAPI | D24: LIMPEZA DE SUPERFÍCIE PISO OU PAREDE COM JATO DE ALTA PRESSÃO. AF_10/2025 | E24: m² | F24: 12000 | G24: 1.81 | H24: 2.32 | I24: 27840 | J24: 0.0073341626
A25: 3.4 | B25: 92394 | C25: SINAPI | D25: EXECUÇÃO DE PAVIMENTO EM PISO INTERTRAVADO, COM BLOCO SEXTAVADO DE 25 X 25 CM, ESPESSURA 8 CM. AF_10/2022 | E25: m² | F25: 12000 | G25: 104.44 | H25: 134.16 | I25: 1609920 | J25: 0.42411692
A26: 3.5 | B26: 95426 | C26: SINAPI | D26: TRANSPORTE COM CAMINHÃO BASCULANTE DE 18 M³, EM VIA URBANA EM REVESTIMENTO PRIMÁRIO (UNIDADE: M3XKM). AF_02/2026 | E26: M3XKM | F26: 2960 | G26: 2.23 | H26: 2.86 | I26: 8465.6 | J26: 0.0022301755
F28: Total sem BDI | H28: 2955150
F29: Total do BDI | H29: 840784.44
F30: Total Geral | H30: 3795934.4
A31: =RESUMO!A19 -> _______________________________________________________________ ROGÉRIO FERREIRA MOREIRA ENGENHEIROCIVIL CREA/PA: 1523651180

Sheet Memória de Cálculo
A1: PREFEITURA MUNICIPAL DE XINGUARA CNPJ N°. 04.144.150/0001-20
A3: Cliente: | B3: ='Orçamento Sintético'!B3 -> PREFEITURA MUNICIPAL DE XINGUARA
A4: Responsavel: | B4: ='Orçamento Sintético'!B4 -> OSVALDO DE OLIVEIRA ASSUNÇÃO JUNIOR
A5: Objeto: | B5: ='Orçamento Sintético'!B5 -> MANUTENÇÃO E RECUPERAÇÃO DE VIAS URBANAS COM TAPA BURACOS
A6: Endereço: | B6: ='Orçamento Sintético'!B6 -> VIAS DE XINGUARA-PA
A7: Data: | B7: ='Orçamento Sintético'!B7 -> 06 DE ABRIL DE 2026
A8: Memória de Cálculo
A9: Item | B9: Descrição | C9: Und | D9: Quant. | E9: Memória de Cálculo
A10: 1 | B10: ADMINISTRAÇÃO E SERVIÇOS PRELIMINARES
A11: 1.1 | B11: Placa de obra em lona com plotagem de gráfica | C11: m² | D11: 12,0 | E11: = 2,0 placas de obras de 3,0 m de largura x 2,0 m de altura.
A12: 1.2 | B12: ENGENHEIRO CIVIL DE OBRA JUNIOR COM ENCARGOS COMPLEMENTARES | C12: H | D12: 240,0 | E12: = 1hora por dia x 5 dias x 4 semanas = 240 Horas
A13: 1.3 | B13: ENCARREGADO GERAL COM ENCARGOS COMPLEMENTARES | C13: H | D13: 480,0 | E13: = 2 horas x 5 dias x 4 semanas x 3 meses = 480 horas
A14: 2 | B14: TAPA BURACO - CBUQ
A15: 2.1 | B15: DEMOLIÇÃO PARCIAL DE PAVIMENTO ASFÁLTICO, DE FORMA MECANIZADA, SEM REAPROVEITAMENTO. AF_09/2023 | C15: m² | D15: 6.000,0 | E15: = Área total
A16: 2.2 | B16: CARGA, MANOBRA E DESCARGA DE ENTULHO EM CAMINHÃO BASCULANTE 10 M³ - CARGA COM ESCAVADEIRA HIDRÁULICA (CAÇAMBA DE 0,80 M³ / 111 HP) E DESCARGA LIVRE (UNIDADE: M3). AF_07/2020 | C16: m³ | D16: 600,0 | E16: = Área total 6000,0 m² x 0,10 de espessura.
A17: 2.3 | B17: LIMPEZA DE SUPERFÍCIE COM JATO DE ALTA PRESSÃO. AF_04/2019 | C17: m² | D17: 6.000,0 | E17: = Limpeza total do local.
A18: 2.7 | B18: EXECUÇÃO DE TAPA BURACO COM APLICAÇÃO DE CONCRETO ASFÁLTICO (AQUISIÇÃO EM USINA) E PINTURA DE LIGAÇÃO. AF_12/2020 | C18: m³ | D18: 300,0 | E18: = Área total 6000,0 m² x 0,05 de espessura.
A19: 2.8 | B19: TRANSPORTE COM CAMINHÃO BASCULANTE DE 18 M³, EM VIA URBANA EM REVESTIMENTO PRIMÁRIO (UNIDADE: M3XKM). AF_07/2020 | C19: M3XKM | D19: 1.500,0 | E19: = Área total de 6000 m² /10 x 2,5
A20: 3 | B20: TAPA BURACO - BLOCO SEXTAVADO
A21: 3.1 | B21: DEMOLIÇÃO PARCIAL DE PAVIMENTO ASFÁLTICO, DE FORMA MECANIZADA, SEM REAPROVEITAMENTO. AF_09/2023 | C21: m² | D21: 6.000,0 | E21: = Área total
A22: 3.2 | B22: CARGA, MANOBRA E DESCARGA DE ENTULHO EM CAMINHÃO BASCULANTE 10 M³ - CARGA COM ESCAVADEIRA HIDRÁULICA (CAÇAMBA DE 0,80 M³ / 111 HP) E DESCARGA LIVRE (UNIDADE: M3). AF_07/2020 | C22: m³ | D22: 600,0 | E22: = Área total 12000,0 m² x 0,10 de espessura.
A23: 3.3 | B23: LIMPEZA DE SUPERFÍCIE COM JATO DE ALTA PRESSÃO. AF_04/2019 | C23: m² | D23: 6.000,0 | E23: = Limpeza total.
A24: 3.4 | B24: EXECUÇÃO DE PAVIMENTO EM PISO INTERTRAVADO, COM BLOCO SEXTAVADO DE 25 X 25 CM, ESPESSURA 8 CM. AF_10/2022 | C24: m² | D24: 6.000,0 | E24: = Área total
A25: 3.5 | B25: TRANSPORTE COM CAMINHÃO BASCULANTE DE 18 M³, EM VIA URBANA EM REVESTIMENTO PRIMÁRIO (UNIDADE: M3XKM). AF_07/2020 | C25: M3XKM | D25: 1.480,0 | E25: = Área total de 12000 m² /12,50 x 3,083
A26: =RESUMO!A19 -> _______________________________________________________________ ROGÉRIO FERREIRA MOREIRA ENGENHEIROCIVIL CREA/PA: 1523651180

Sheet Cronograma
A1: PREFEITURA MUNICIPAL DE XINGUARA CNPJ N°. 04.144.150/0001-20
A3: Cliente: | B3: ='Memória de Cálculo'!B3 -> PREFEITURA MUNICIPAL DE XINGUARA
A4: ='Memória de Cálculo'!A4 -> Responsavel: | B4: ='Memória de Cálculo'!B4 -> OSVALDO DE OLIVEIRA ASSUNÇÃO JUNIOR
A5: Objeto: | B5: ='Orçamento Sintético'!B5 -> MANUTENÇÃO E RECUPERAÇÃO DE VIAS URBANAS COM TAPA BURACOS
A6: Endereço: | B6: ='Orçamento Sintético'!B6 -> VIAS DE XINGUARA-PA
A7: Data: | B7: ='Orçamento Sintético'!B7 -> 06 DE ABRIL DE 2026
C9: Bancos | D9: B.D.I. | E9: Encargos Sociais
C10: ='Orçamento Sintético'!E9 -> SINAPI - 02/2026 - Pará SICRO3 - 10/2025 - Pará SEDOP - 03/2026 - Pará | D10: ='Orçamento Sintético'!G9 -> 0.2846 | E10: ='Orçamento Sintético'!H9 -> Desonerado: embutido nos preços unitário dos insumos de mão de obra, de acordo com as bases.
A11: Cronograma Físico e Financeiro
A12: Item | B12: Descrição | C12: Total Por Etapa | D12: 60 DIAS | E12: 120 DIAS | F12: 180 DIAS | G12: 240 DIAS | H12: 300 DIAS | I12: 360 DIAS
A13: 1 | B13: ADMINISTRAÇÃO E SERVIÇOS PRELIMINARES | C13: 100,00% 127.870,80 | D13: 17,00% 21.738,04 | E13: 17,00% 21.738,04 | F13: 17,00% 21.738,04 | G13: 17,00% 21.738,04 | H13: 17,00% 21.738,04 | I13: 15,00% 19.180,62
A14: 2 | B14: TAPA BURACO - CBUQ | C14: 100,00% 1.652.358,00 | D14: 17,00% 280.900,86 | E14: 17,00% 280.900,86 | F14: 17,00% 280.900,86 | G14: 17,00% 280.900,86 | H14: 17,00% 280.900,86 | I14: 15,00% 247.853,70
A15: 3 | B15: TAPA BURACO - BLOCO SEXTAVADO | C15: 100,00% 2.015.705,60 | D15: 17,00% 342.669,95 | E15: 17,00% 342.669,95 | F15: 17,00% 342.669,95 | G15: 17,00% 342.669,95 | H15: 17,00% 342.669,95 | I15: 15,00% 302.355,84
A16: Porcentagem | D16: 17,0% | E16: 17,0% | F16: 17,0% | G16: 17,0% | H16: 17,0% | I16: 15,0%
A17: Custo | D17: 645.308,84 | E17: 645.308,84 | F17: 645.308,84 | G17: 645.308,84 | H17: 645.308,84 | I17: 569.390,16
A18: Porcentagem Acumulado | D18: 17,0% | E18: 34,0% | F18: 51,0% | G18: 68,0% | H18: 85,0% | I18: 100,0%
A19: Custo Acumulado | D19: 645.308,84 | E19: 1.290.617,68 | F19: 1.935.926,52 | G19: 2.581.235,36 | H19: 3.226.544,20 | I19: 3.795.934,40
A20: =RESUMO!A19 -> _______________________________________________________________ ROGÉRIO FERREIRA MOREIRA ENGENHEIROCIVIL CREA/PA: 1523651180

Sheet CPU
A1: PREFEITURA MUNICIPAL DE XINGUARA CNPJ N°. 04.144.150/0001-20
A3: Cliente: | B3: ='Memória de Cálculo'!B3 -> PREFEITURA MUNICIPAL DE XINGUARA
A4: ='Memória de Cálculo'!A4 -> Responsavel: | B4: ='Memória de Cálculo'!B4 -> OSVALDO DE OLIVEIRA ASSUNÇÃO JUNIOR
A5: Objeto: | B5: ='Orçamento Sintético'!B5 -> MANUTENÇÃO E RECUPERAÇÃO DE VIAS URBANAS COM TAPA BURACOS
A6: Endereço: | B6: ='Orçamento Sintético'!B6 -> VIAS DE XINGUARA-PA
A7: Data: | B7: ='Orçamento Sintético'!B7 -> 06 DE ABRIL DE 2026
E8: Bancos | G8: B.D.I. | I8: Encargos Sociais
E9: =RESUMO!C9 -> SINAPI - 02/2026 - Pará SICRO3 - 10/2025 - Pará SEDOP - 03/2026 - Pará | G9: ='Orçamento Sintético'!G9 -> 0.2846 | I9: ='Orçamento Sintético'!H9 -> Desonerado: embutido nos preços unitário dos insumos de mão de obra, de acordo com as bases.
A10: Composições Principais
A11: 1.1 | B11: Código | C11: Banco | D11: Descrição | E11: Tipo | G11: Und | H11: Quant. | I11: Valor Unit | J11: Total
A12: Composição | B12: 011340 | C12: SEDOP | D12: Placa de obra em lona com plotagem de gráfica | E12: 0 | G12: m² | H12: 1 | I12: 207.93 | J12: 207.93
A13: Composição Auxiliar | B13: 280013 | C13: SEDOP | D13: CARPINTEIRO COM ENCARGOS COMPLEMENTARES | E13: 0 | G13: h | H13: 0.4 | I13: 32.21 | J13: 12.88
A14: Composição Auxiliar | B14: 280026 | C14: SEDOP | D14: SERVENTE COM ENCARGOS COMPLEMENTARES | E14: 0 | G14: h | H14: 0.4 | I14: 26.88 | J14: 10.75
A15: Insumo | B15: D00475 | C15: SEDOP | D15: Lona com plotagem de gráfica | E15: Material | G15: m² | H15: 1 | I15: 90 | J15: 90
A16: Insumo | B16: D00084 | C16: SEDOP | D16: Prego 1 1/2"x13 | E16: Material | G16: kg | H16: 0.1 | I16: 20.5314 | J16: 2.05
A17: Insumo | B17: D00281 | C17: SEDOP | D17: Pernamanca 3" x 2" 4 m - madeira branca | E17: Material | G17: Dz | H17: 0.41 | I17: 225.02 | J17: 92.25
E18: MO sem LS => | F18: 7.7122231 | G18: LS => | H18: 7.78 | I18: MO com LS => | J18: 15.49
E19: Valor do BDI => | F19: 59.17 | H19: Valor com BDI => | J19: 267.1
A21: 1.2 | B21: Código | C21: Banco | D21: Descrição | E21: Tipo | G21: Und | H21: Quant. | I21: Valor Unit | J21: Total
A22: Composição | B22: 90777 | C22: SINAPI | D22: ENGENHEIRO CIVIL DE OBRA JUNIOR COM ENCARGOS COMPLEMENTARES | E22: Livro SINAPI: Cálculos e Parâmetros | G22: H | H22: 1 | I22: 137.06 | J22: 137.06
A23: Composição Auxiliar | B23: 95402 | C23: SINAPI | D23: CURSO DE CAPACITAÇÃO PARA ENGENHEIRO CIVIL DE OBRA JÚNIOR (ENCARGOS COMPLEMENTARES) - HORISTA | E23: Livro SINAPI: Cálculos e Parâmetros | G23: H | H23: 1 | I23: 1.87 | J23: 1.87
A24: Insumo | B24: 00002706 | C24: SINAPI | D24: ENGENHEIRO CIVIL DE OBRA JUNIOR (HORISTA) | E24: Mão de Obra | G24: H | H24: 1 | I24: 127.3 | J24: 127.3
A25: Insumo | B25: 00037370 | C25: SINAPI | D25: ALIMENTACAO - HORISTA (COLETADO CAIXA - ENCARGOS COMPLEMENTARES) | E25: Material | G25: H | H25: 1 | I25: 5.15 | J25: 5.15
A26: Insumo | B26: 00037372 | C26: SINAPI | D26: EXAMES - HORISTA (COLETADO CAIXA - ENCARGOS COMPLEMENTARES) | E26: Material | G26: H | H26: 1 | I26: 1.51 | J26: 1.51
A27: Insumo | B27: 00037373 | C27: SINAPI | D27: SEGURO - HORISTA (COLETADO CAIXA - ENCARGOS COMPLEMENTARES) | E27: Material | G27: H | H27: 1 | I27: 0.11 | J27: 0.11
A28: Insumo | B28: 00043462 | C28: SINAPI | D28: FERRAMENTAS - FAMILIA ENGENHEIRO CIVIL - HORISTA (ENCARGOS COMPLEMENTARES - COLETADO CAIXA) | E28: Material | G28: H | H28: 1 | I28: 0.02 | J28: 0.02
A29: Insumo | B29: 00043486 | C29: SINAPI | D29: EPI - FAMILIA ENGENHEIRO CIVIL - HORISTA (ENCARGOS COMPLEMENTARES - COLETADO CAIXA) | E29: Material | G29: H | H29: 1 | I29: 1.1 | J29: 1.1
E30: MO sem LS => | F30: 64.311675 | G30: LS => | H30: 64.86 | I30: MO com LS => | J30: 129.17
E31: Valor do BDI => | F31: 39 | H31: Valor com BDI => | J31: 176.06
A33: 1.3 | B33: Código | C33: Banco | D33: Descrição | E33: Tipo | G33: Und | H33: Quant. | I33: Valor Unit | J33: Total
A34: Composição | B34: 90776 | C34: SINAPI | D34: ENCARREGADO GERAL COM ENCARGOS COMPLEMENTARES | E34: Livro SINAPI: Cálculos e Parâmetros | G34: H | H34: 1 | I34: 32.57 | J34: 32.57
A35: Composição Auxiliar | B35: 95401 | C35: SINAPI | D35: CURSO DE CAPACITAÇÃO PARA ENCARREGADO GERAL (ENCARGOS COMPLEMENTARES) - HORISTA | E35: Livro SINAPI: Cálculos e Parâmetros | G35: H | H35: 1 | I35: 0.47 | J35: 0.47
A36: Insumo | B36: 00004083 | C36: SINAPI | D36: ENCARREGADO GERAL DE OBRAS (HORISTA) | E36: Mão de Obra | G36: H | H36: 1 | I36: 22.5 | J36: 22.5
A37: Insumo | B37: 00037370 | C37: SINAPI | D37: ALIMENTACAO - HORISTA (COLETADO CAIXA - ENCARGOS COMPLEMENTARES) | E37: Material | G37: H | H37: 1 | I37: 5.15 | J37: 5.15
A38: Insumo | B38: 00037371 | C38: SINAPI | D38: TRANSPORTE - HORISTA (COLETADO CAIXA - ENCARGOS COMPLEMENTARES) | E38: Material | G38: H | H38: 1 | I38: 1.19 | J38: 1.19
A39: Insumo | B39: 00037372 | C39: SINAPI | D39: EXAMES - HORISTA (COLETADO CAIXA - ENCARGOS COMPLEMENTARES) | E39: Material | G39: H | H39: 1 | I39: 1.51 | J39: 1.51
A40: Insumo | B40: 00037373 | C40: SINAPI | D40: SEGURO - HORISTA (COLETADO CAIXA - ENCARGOS COMPLEMENTARES) | E40: Material | G40: H | H40: 1 | I40: 0.11 | J40: 0.11
A41: Insumo | B41: 00043463 | C41: SINAPI | D41: FERRAMENTAS - FAMILIA ENCARREGADO GERAL - HORISTA (ENCARGOS COMPLEMENTARES - COLETADO CAIXA) | E41: Material | G41: H | H41: 1 | I41: 0.11 | J41: 0.11
A42: Insumo | B42: 00043487 | C42: SINAPI | D42: EPI - FAMILIA ENCARREGADO GERAL - HORISTA (ENCARGOS COMPLEMENTARES - COLETADO CAIXA) | E42: Material | G42: H | H42: 1 | I42: 1.53 | J42: 1.53
E43: MO sem LS => | F43: 11.436395 | G43: LS => | H43: 11.53 | I43: MO com LS => | J43: 22.97
E44: Valor do BDI => | F44: 9.26 | H44: Valor com BDI => | J44: 41.83
A46: 2.1 | B46: Código | C46: Banco | D46: Descrição | E46: Tipo | G46: Und | H46: Quant. | I46: Valor Unit | J46: Total
A47: Composição | B47: 97636 | C47: SINAPI | D47: DEMOLIÇÃO PARCIAL DE PAVIMENTO ASFÁLTICO, DE FORMA MECANIZADA, SEM REAPROVEITAMENTO. AF_09/2023 | E47: Demolições e Remoções | G47: m² | H47: 1 | I47: 23.03 | J47: 23.03
A48: Composição Auxiliar | B48: 5631 | C48: SINAPI | D48: ESCAVADEIRA HIDRÁULICA SOBRE ESTEIRAS, CAÇAMBA 0,80 M3, PESO OPERACIONAL 17 T, POTENCIA BRUTA 111 HP - CHP DIURNO. AF_06/2014 | E48: Custos Horários Produtivo e Improdutivo dos Equipamentos | G48: CHP | H48: 0.0326 | I48: 212.36 | J48: 6.92
A49: Composição Auxiliar | B49: 5632 | C49: SINAPI | D49: ESCAVADEIRA HIDRÁULICA SOBRE ESTEIRAS, CAÇAMBA 0,80 M3, PESO OPERACIONAL 17 T, POTENCIA BRUTA 111 HP - CHI DIURNO. AF_06/2014 | E49: Custos Horários Produtivo e Improdutivo dos Equipamentos | G49: CHI | H49: 0.0896 | I49: 89.29 | J49: 8
A50: Composição Auxiliar | B50: 88309 | C50: SINAPI | D50: PEDREIRO COM ENCARGOS COMPLEMENTARES | E50: Livro SINAPI: Cálculos e Parâmetros | G50: H | H50: 0.2433 | I50: 31.1 | J50: 7.56
A51: Composição Auxiliar | B51: 91283 | C51: SINAPI | D51: CORTADORA DE PISO COM MOTOR 4 TEMPOS A GASOLINA, POTÊNCIA DE 13 HP, COM DISCO DE CORTE DIAMANTADO SEGMENTADO PARA CONCRETO, DIÂMETRO DE 350 MM, FURO DE 1" (14 X 1") - CHP DIURNO. AF_08/2015 | E51: Custos Horários Produtivo e Improdutivo dos Equipamentos | G51: CHP | H51: 0.0524 | I51: 10 | J51: 0.52
A52: Composição Auxiliar | B52: 91285 | C52: SINAPI | D52: CORTADORA DE PISO COM MOTOR 4 TEMPOS A GASOLINA, POTÊNCIA DE 13 HP, COM DISCO DE CORTE DIAMANTADO SEGMENTADO PARA CONCRETO, DIÂMETRO DE 350 MM, FURO DE 1" (14 X 1") - CHI DIURNO. AF_08/2015 | E52: Custos Horários Produtivo e Improdutivo dos Equipamentos | G52: CHI | H52: 0.0836 | I52: 0.47 | J52: 0.03
E53: MO sem LS => | F53: 4.042818 | G53: LS => | H53: 4.08 | I53: MO com LS => | J53: 8.12
E54: Valor do BDI => | F54: 6.55 | H54: Valor com BDI => | J54: 29.58
A56: 2.2 | B56: Código | C56: Banco | D56: Descrição | E56: Tipo | G56: Und | H56: Quant. | I56: Valor Unit | J56: Total
A57: Composição | B57: 100982 | C57: SINAPI | D57: CARGA, MANOBRA E DESCARGA DE ENTULHO EM CAMINHÃO BASCULANTE 10 M³ - CARGA COM ESCAVADEIRA HIDRÁULICA (CAÇAMBA DE 0,80 M³ / 111 HP) E DESCARGA LIVRE (UNIDADE: M3). AF_02/2026 | E57: Transporte, Carga e Descarga de Materiais | G57: m³ | H57: 1 | I57: 9.42 | J57: 9.42
A58: Composição Auxiliar | B58: 5631 | C58: SINAPI | D58: ESCAVADEIRA HIDRÁULICA SOBRE ESTEIRAS, CAÇAMBA 0,80 M3, PESO OPERACIONAL 17 T, POTENCIA BRUTA 111 HP - CHP DIURNO. AF_06/2014 | E58: Custos Horários Produtivo e Improdutivo dos Equipamentos | G58: CHP | H58: 0.0083333 | I58: 212.36 | J58: 1.76
A59: Composição Auxiliar | B59: 5632 | C59: SINAPI | D59: ESCAVADEIRA HIDRÁULICA SOBRE ESTEIRAS, CAÇAMBA 0,80 M3, PESO OPERACIONAL 17 T, POTENCIA BRUTA 111 HP - CHI DIURNO. AF_06/2014 | E59: Custos Horários Produtivo e Improdutivo dos Equipamentos | G59: CHI | H59: 0.0100799 | I59: 89.29 | J59: 0.9
A60: Composição Auxiliar | B60: 91386 | C60: SINAPI | D60: CAMINHÃO BASCULANTE 10 M3, TRUCADO CABINE SIMPLES, PESO BRUTO TOTAL 23.000 KG, CARGA ÚTIL MÁXIMA 15.935 KG, DISTÂNCIA ENTRE EIXOS 4,80 M, POTÊNCIA 230 CV INCLUSIVE CAÇAMBA METÁLICA - CHP DIURNO. AF_06/2014 | E60: Custos Horários Produtivo e Improdutivo dos Equipamentos | G60: CHP | H60: 0.0199348 | I60: 287.99 | J60: 5.74
A61: Composição Auxiliar | B61: 91387 | C61: SINAPI | D61: CAMINHÃO BASCULANTE 10 M3, TRUCADO CABINE SIMPLES, PESO BRUTO TOTAL 23.000 KG, CARGA ÚTIL MÁXIMA 15.935 KG, DISTÂNCIA ENTRE EIXOS 4,80 M, POTÊNCIA 230 CV INCLUSIVE CAÇAMBA METÁLICA - CHI DIURNO. AF_06/2014 | E61: Custos Horários Produtivo e Improdutivo dos Equipamentos | G61: CHI | H61: 0.0127836 | I61: 80.49 | J61: 1.02
E62: MO sem LS => | F62: 0.60741847 | G62: LS => | H62: 0.61 | I62: MO com LS => | J62: 1.22
E63: Valor do BDI => | F63: 2.68 | H63: Valor com BDI => | J63: 12.1
A65: 2.3 | B65: Código | C65: Banco | D65: Descrição | E65: Tipo | G65: Und | H65: Quant. | I65: Valor Unit | J65: Total
A66: Composição | B66: 99814 | C66: SINAPI | D66: LIMPEZA DE SUPERFÍCIE PISO OU PAREDE COM JATO DE ALTA PRESSÃO. AF_10/2025 | E66: Limpeza de Obra | G66: m² | H66: 1 | I66: 1.81 | J66: 1.81
A67: Composição Auxiliar | B67: 88316 | C67: SINAPI | D67: SERVENTE COM ENCARGOS COMPLEMENTARES | E67: Livro SINAPI: Cálculos e Parâmetros | G67: H | H67: 0.0683285 | I67: 25.66 | J67: 1.75
A68: Composição Auxiliar | B68: 99833 | C68: SINAPI | D68: LAVADORA DE ALTA PRESSAO (LAVA-JATO) PARA AGUA FRIA, PRESSAO DE OPERACAO ENTRE 1400 E 1900 LIB/POL2, VAZAO MAXIMA ENTRE 400 E 700 L/H - CHP DIURNO. AF_05/2023 | E68: Custos Horários Produtivo e Improdutivo dos Equipamentos | G68: CHP | H68: 0.0117125 | I68: 5.31 | J68: 0.06
A69: Composição Auxiliar | B69: 99834 | C69: SINAPI | D69: LAVADORA DE ALTA PRESSAO (LAVA-JATO) PARA AGUA FRIA, PRESSAO DE OPERACAO ENTRE 1400 E 1900 LIB/POL2, VAZAO MAXIMA ENTRE 400 E 700 L/H - CHI DIURNO. AF_05/2023 | E69: Custos Horários Produtivo e Improdutivo dos Equipamentos | G69: CHI | H69: 0.0224517 | I69: 0.06 | J69: 0
E70: MO sem LS => | F70: 0.51779935 | G70: LS => | H70: 0.52 | I70: MO com LS => | J70: 1.04
E71: Valor do BDI => | F71: 0.51 | H71: Valor com BDI => | J71: 2.32
A73: 2.7 | B73: Código | C73: Banco | D73: Descrição | E73: Tipo | G73: Und | H73: Quant. | I73: Valor Unit | J73: Total
A74: Composição | B74: 104387 | C74: SINAPI | D74: EXECUÇÃO DE TAPA BURACO COM APLICAÇÃO DE CONCRETO ASFÁLTICO (AQUISIÇÃO EM USINA) E PINTURA DE LIGAÇÃO. AF_12/2020 | E74: Recomposição de Pavimentos | G74: m³ | H74: 1 | I74: 3760.99 | J74: 3760.99
A75: Composição Auxiliar | B75: 88316 | C75: SINAPI | D75: SERVENTE COM ENCARGOS COMPLEMENTARES | E75: Livro SINAPI: Cálculos e Parâmetros | G75: H | H75: 14.1263 | I75: 25.66 | J75: 362.48
A76: Composição Auxiliar | B76: 91277 | C76: SINAPI | D76: PLACA VIBRATÓRIA REVERSÍVEL COM MOTOR 4 TEMPOS A GASOLINA, FORÇA CENTRÍFUGA DE 25 KN (2500 KGF), POTÊNCIA 5,5 CV - CHP DIURNO. AF_08/2015 | E76: Custos Horários Produtivo e Improdutivo dos Equipamentos | G76: CHP | H76: 0.444 | I76: 10.41 | J76: 4.62
A77: Composição Auxiliar | B77: 91278 | C77: SINAPI | D77: PLACA VIBRATÓRIA REVERSÍVEL COM MOTOR 4 TEMPOS A GASOLINA, FORÇA CENTRÍFUGA DE 25 KN (2500 KGF), POTÊNCIA 5,5 CV - CHI DIURNO. AF_08/2015 | E77: Custos Horários Produtivo e Improdutivo dos Equipamentos | G77: CHI | H77: 3.0876 | I77: 0.72 | J77: 2.22
A78: Composição Auxiliar | B78: 91283 | C78: SINAPI | D78: CORTADORA DE PISO COM MOTOR 4 TEMPOS A GASOLINA, POTÊNCIA DE 13 HP, COM DISCO DE CORTE DIAMANTADO SEGMENTADO PARA CONCRETO, DIÂMETRO DE 350 MM, FURO DE 1" (14 X 1") - CHP DIURNO. AF_08/2015 | E78: Custos Horários Produtivo e Improdutivo dos Equipamentos | G78: CHP | H78: 1.2706 | I78: 10 | J78: 12.7
A79: Composição Auxiliar | B79: 91285 | C79: SINAPI | D79: CORTADORA DE PISO COM MOTOR 4 TEMPOS A GASOLINA, POTÊNCIA DE 13 HP, COM DISCO DE CORTE DIAMANTADO SEGMENTADO PARA CONCRETO, DIÂMETRO DE 350 MM, FURO DE 1" (14 X 1") - CHI DIURNO. AF_08/2015 | E79: Custos Horários Produtivo e Improdutivo dos Equipamentos | G79: CHI | H79: 2.2609 | I79: 0.47 | J79: 1.06
A80: Insumo | B80: 00001518 | C80: SINAPI | D80: CONCRETO BETUMINOSO USINADO A QUENTE (CBUQ) PARA PAVIMENTACAO ASFALTICA, PADRAO DNIT, FAIXA C, COM CAP 50/70 - AQUISICAO POSTO USINA | E80: Material | G80: T | H80: 2.5548 | I80: 1309.5 | J80: 3345.51
A81: Insumo | B81: 00044952 | C81: SINAPI | D81: EMULSAO ASFALTICA CATIONICA RR-2C PARA USO EM PAVIMENTACAO ASFALTICA | E81: Material | G81: KG | H81: 9 | I81: 3.6 | J81: 32.4
E82: MO sem LS => | F82: 107.53796 | G82: LS => | H82: 108.45 | I82: MO com LS => | J82: 215.99
E83: Valor do BDI => | F83: 1070.37 | H83: Valor com BDI => | J83: 4831.36
A85: 2.8 | B85: Código | C85: Banco | D85: Descrição | E85: Tipo | G85: Und | H85: Quant. | I85: Valor Unit | J85: Total
A86: Composição | B86: 95426 | C86: SINAPI | D86: TRANSPORTE COM CAMINHÃO BASCULANTE DE 18 M³, EM VIA URBANA EM REVESTIMENTO PRIMÁRIO (UNIDADE: M3XKM). AF_02/2026 | E86: Transporte, Carga e Descarga de Materiais | G86: M3XKM | H86: 1 | I86: 2.23 | J86: 2.23
A87: Composição Auxiliar | B87: 89883 | C87: SINAPI | D87: CAMINHÃO BASCULANTE 18 M3, COM CAVALO MECÂNICO DE CAPACIDADE MÁXIMA DE TRAÇÃO COMBINADO DE 45000 KG, POTÊNCIA 330 CV, INCLUSIVE SEMIREBOQUE COM CAÇAMBA METÁLICA - CHP DIURNO. AF_12/2014 | E87: Custos Horários Produtivo e Improdutivo dos Equipamentos | G87: CHP | H87: 0.005291 | I87: 386.61 | J87: 2.04
A88: Composição Auxiliar | B88: 89884 | C88: SINAPI | D88: CAMINHÃO BASCULANTE 18 M3, COM CAVALO MECÂNICO DE CAPACIDADE MÁXIMA DE TRAÇÃO COMBINADO DE 45000 KG, POTÊNCIA 330 CV, INCLUSIVE SEMIREBOQUE COM CAÇAMBA METÁLICA - CHI DIURNO. AF_12/2014 | E88: Custos Horários Produtivo e Improdutivo dos Equipamentos | G88: CHI | H88: 0.001988 | I88: 96.48 | J88: 0.19
E89: MO sem LS => | F89: 0.079661439 | G89: LS => | H89: 0.08 | I89: MO com LS => | J89: 0.16
E90: Valor do BDI => | F90: 0.63 | H90: Valor com BDI => | J90: 2.86
A92: 3.1 | B92: Código | C92: Banco | D92: Descrição | E92: Tipo | G92: Und | H92: Quant. | I92: Valor Unit | J92: Total
A93: Composição | B93: 97636 | C93: SINAPI | D93: DEMOLIÇÃO PARCIAL DE PAVIMENTO ASFÁLTICO, DE FORMA MECANIZADA, SEM REAPROVEITAMENTO. AF_09/2023 | E93: Demolições e Remoções | G93: m² | H93: 1 | I93: 23.03 | J93: 23.03
A94: Composição Auxiliar | B94: 5631 | C94: SINAPI | D94: ESCAVADEIRA HIDRÁULICA SOBRE ESTEIRAS, CAÇAMBA 0,80 M3, PESO OPERACIONAL 17 T, POTENCIA BRUTA 111 HP - CHP DIURNO. AF_06/2014 | E94: Custos Horários Produtivo e Improdutivo dos Equipamentos | G94: CHP | H94: 0.0326 | I94: 212.36 | J94: 6.92
A95: Composição Auxiliar | B95: 5632 | C95: SINAPI | D95: ESCAVADEIRA HIDRÁULICA SOBRE ESTEIRAS, CAÇAMBA 0,80 M3, PESO OPERACIONAL 17 T, POTENCIA BRUTA 111 HP - CHI DIURNO. AF_06/2014 | E95: Custos Horários Produtivo e Improdutivo dos Equipamentos | G95: CHI | H95: 0.0896 | I95: 89.29 | J95: 8
A96: Composição Auxiliar | B96: 88309 | C96: SINAPI | D96: PEDREIRO COM ENCARGOS COMPLEMENTARES | E96: Livro SINAPI: Cálculos e Parâmetros | G96: H | H96: 0.2433 | I96: 31.1 | J96: 7.56
A97: Composição Auxiliar | B97: 91283 | C97: SINAPI | D97: CORTADORA DE PISO COM MOTOR 4 TEMPOS A GASOLINA, POTÊNCIA DE 13 HP, COM DISCO DE CORTE DIAMANTADO SEGMENTADO PARA CONCRETO, DIÂMETRO DE 350 MM, FURO DE 1" (14 X 1") - CHP DIURNO. AF_08/2015 | E97: Custos Horários Produtivo e Improdutivo dos Equipamentos | G97: CHP | H97: 0.0524 | I97: 10 | J97: 0.52
A98: Composição Auxiliar | B98: 91285 | C98: SINAPI | D98: CORTADORA DE PISO COM MOTOR 4 TEMPOS A GASOLINA, POTÊNCIA DE 13 HP, COM DISCO DE CORTE DIAMANTADO SEGMENTADO PARA CONCRETO, DIÂMETRO DE 350 MM, FURO DE 1" (14 X 1") - CHI DIURNO. AF_08/2015 | E98: Custos Horários Produtivo e Improdutivo dos Equipamentos | G98: CHI | H98: 0.0836 | I98: 0.47 | J98: 0.03
E99: MO sem LS => | F99: 4.042818 | G99: LS => | H99: 4.08 | I99: MO com LS => | J99: 8.12
E100: Valor do BDI => | F100: 6.55 | H100: Valor com BDI => | J100: 29.58
A102: 3.2 | B102: Código | C102: Banco | D102: Descrição | E102: Tipo | G102: Und | H102: Quant. | I102: Valor Unit | J102: Total
A103: Composição | B103: 100982 | C103: SINAPI | D103: CARGA, MANOBRA E DESCARGA DE ENTULHO EM CAMINHÃO BASCULANTE 10 M³ - CARGA COM ESCAVADEIRA HIDRÁULICA (CAÇAMBA DE 0,80 M³ / 111 HP) E DESCARGA LIVRE (UNIDADE: M3). AF_02/2026 | E103: Transporte, Carga e Descarga de Materiais | G103: m³ | H103: 1 | I103: 9.42 | J103: 9.42
A104: Composição Auxiliar | B104: 5631 | C104: SINAPI | D104: ESCAVADEIRA HIDRÁULICA SOBRE ESTEIRAS, CAÇAMBA 0,80 M3, PESO OPERACIONAL 17 T, POTENCIA BRUTA 111 HP - CHP DIURNO. AF_06/2014 | E104: Custos Horários Produtivo e Improdutivo dos Equipamentos | G104: CHP | H104: 0.0083333 | I104: 212.36 | J104: 1.76
A105: Composição Auxiliar | B105: 5632 | C105: SINAPI | D105: ESCAVADEIRA HIDRÁULICA SOBRE ESTEIRAS, CAÇAMBA 0,80 M3, PESO OPERACIONAL 17 T, POTENCIA BRUTA 111 HP - CHI DIURNO. AF_06/2014 | E105: Custos Horários Produtivo e Improdutivo dos Equipamentos | G105: CHI | H105: 0.0100799 | I105: 89.29 | J105: 0.9
A106: Composição Auxiliar | B106: 91386 | C106: SINAPI | D106: CAMINHÃO BASCULANTE 10 M3, TRUCADO CABINE SIMPLES, PESO BRUTO TOTAL 23.000 KG, CARGA ÚTIL MÁXIMA 15.935 KG, DISTÂNCIA ENTRE EIXOS 4,80 M, POTÊNCIA 230 CV INCLUSIVE CAÇAMBA METÁLICA - CHP DIURNO. AF_06/2014 | E106: Custos Horários Produtivo e Improdutivo dos Equipamentos | G106: CHP | H106: 0.0199348 | I106: 287.99 | J106: 5.74
A107: Composição Auxiliar | B107: 91387 | C107: SINAPI | D107: CAMINHÃO BASCULANTE 10 M3, TRUCADO CABINE SIMPLES, PESO BRUTO TOTAL 23.000 KG, CARGA ÚTIL MÁXIMA 15.935 KG, DISTÂNCIA ENTRE EIXOS 4,80 M, POTÊNCIA 230 CV INCLUSIVE CAÇAMBA METÁLICA - CHI DIURNO. AF_06/2014 | E107: Custos Horários Produtivo e Improdutivo dos Equipamentos | G107: CHI | H107: 0.0127836 | I107: 80.49 | J107: 1.02
E108: MO sem LS => | F108: 0.60741847 | G108: LS => | H108: 0.61 | I108: MO com LS => | J108: 1.22
E109: Valor do BDI => | F109: 2.68 | H109: Valor com BDI => | J109: 12.1
A111: 3.3 | B111: Código | C111: Banco | D111: Descrição | E111: Tipo | G111: Und | H111: Quant. | I111: Valor Unit | J111: Total
...

Sheet BDI
A1: PREFEITURA MUNICIPAL DE XINGUARA CNPJ N°. 04.144.150/0001-20
A2: Cliente: | B2: ='Memória de Cálculo'!B3 -> PREFEITURA MUNICIPAL DE XINGUARA
A3: ='Memória de Cálculo'!A4 -> Responsavel: | B3: ='Memória de Cálculo'!B4 -> OSVALDO DE OLIVEIRA ASSUNÇÃO JUNIOR
A4: Objeto: | B4: ='Orçamento Sintético'!B5 -> MANUTENÇÃO E RECUPERAÇÃO DE VIAS URBANAS COM TAPA BURACOS
A5: Endereço: | B5: ='Orçamento Sintético'!B6 -> VIAS DE XINGUARA-PA
A6: ='[1]Orçamento Sintético'!A7 -> Data: | B6: ='Orçamento Sintético'!B7 -> 06 DE ABRIL DE 2026
A35: =RESUMO!A19 -> _______________________________________________________________ ROGÉRIO FERREIRA MOREIRA ENGENHEIROCIVIL CREA/PA: 1523651180
D67: JOÃO CALANDRINI DE SÁ AZEVEDO NETO ESP. EM PROJETOS, EXECUÇÃO E DESEMPENHO DE ESTRUTURAS E FUNDAÇÕES ESP. EM ENGENHARIA DE SEGURANÇA DO TRABALHO RT CALANDRINI E DANTAS LTDA CREA/PA: 1515893081
J74: #VALUE!

Sheet ENCARGOS
A1: PREFEITURA MUNICIPAL DE XINGUARA CNPJ N°. 04.144.150/0001-20
A2: Cliente: | B2: ='Memória de Cálculo'!B3 -> PREFEITURA MUNICIPAL DE XINGUARA
A3: ='Memória de Cálculo'!A4 -> Responsavel: | B3: ='Memória de Cálculo'!B4 -> OSVALDO DE OLIVEIRA ASSUNÇÃO JUNIOR
A4: Objeto: | B4: ='Orçamento Sintético'!B5 -> MANUTENÇÃO E RECUPERAÇÃO DE VIAS URBANAS COM TAPA BURACOS
A5: Endereço: | B5: ='Orçamento Sintético'!B6 -> VIAS DE XINGUARA-PA
A6: ='[1]Orçamento Sintético'!A7 -> Data: | B6: ='Orçamento Sintético'!B7 -> 06 DE ABRIL DE 2026
A7: =RESUMO!A19 -> _______________________________________________________________ ROGÉRIO FERREIRA MOREIRA ENGENHEIROCIVIL CREA/PA: 1523651180
D71: JOÃO CALANDRINI DE SÁ AZEVEDO NETO ESP. EM PROJETOS, EXECUÇÃO E DESEMPENHO DE ESTRUTURAS E FUNDAÇÕES ESP. EM ENGENHARIA DE SEGURANÇA DO TRABALHO RT CALANDRINI E DANTAS LTDA CREA/PA: 1515893081
J78: #VALUE!
